 Dungeon Crawl Stone Soup version 0.30-a0-782-ge64f9170bb (webtiles) character file.

Game seed: 7714360335015300873

1148 Anon1729 the Trooper (level 8, -1/71 HPs)
             Began as a Minotaur Monk on Feb 19, 2023.
             Was an Elder of Jiyva.
             Killed from afar by an electric eel (10 damage)
             ... with a bolt of electricity
             ... on level 7 of the Dungeon.
             The game lasted 00:03:50 (3123 turns).

Anon1729 the Trooper (Minotaur Monk)                Turns: 3123, Time: 00:03:50

Health: -1/71      AC: 18    Str: 18    XL:     8   Next: 15%
Magic:  7/7        EV:  9    Int:  7    God:    Jiyva [****..]
Gold:   170        SH:  0    Dex: 13    Spells: 7/7 levels left

rFire   . . .      SeeInvis .    d - +2 hand axe (elec)
rCold   . . .      Faith    .    (no shield)
rNeg    . . .      Spirit   .    j - +0 chain mail
rPois   .          Reflect  .    (helmet restricted)
rElec   .          Harm     .    e - +0 cloak
rCorr   +          Rampage  .    n - +2 pair of gloves
Will    .....      Clarity  +    (no boots) Stlth
                                 (no amulet)
HPRegen 1.59/turn                f - +4 ring of protection
MPRegen 0.50/turn                (no ring)

@: no status effects
A: horns 2, retaliatory headbutt, clarity, wild magic 3
a: Renounce Religion, Oozemancy, Slimify


You were on level 7 of the Dungeon.
You worshipped Jiyva.
Jiyva was greatly pleased with you.
You visited 1 branch of the dungeon, and saw 7 of its levels.
You also visited: Sewer.

You collected 170 gold pieces.

Inventory:

Hand Weapons
 a - a +0 hand axe
 d - a +2 hand axe of electrocution (weapon)
Armour
 b - a +0 robe
 e - a +0 cloak (worn)
 j - a +0 chain mail (worn)
 n - a +2 pair of gloves (worn)
Jewellery
 f - a +4 ring of protection (left hand)
Wands
 w - a wand of flame (13)
Scrolls
 g - 2 scrolls of amnesia {unknown}
 k - 2 scrolls of enchant armour {unknown}
 l - a scroll of identify {unknown}
 r - a scroll of immolation {unknown}
 t - a scroll of magic mapping {unknown}
 u - 2 scrolls of teleportation {unknown}
 v - 2 scrolls of noise {unknown}
Potions
 c - a potion of ambrosia
 h - a potion of cancellation
 i - a potion of heal wounds {unknown}
 m - 2 potions of magic {unknown}
 o - 2 potions of mutation {unknown}
 p - 2 potions of brilliance {unknown}
 q - a potion of invisibility {unknown}
 s - a potion of haste {unknown}


   Skills:
 + Level 6.3 Fighting
 + Level 6.3 Axes
 + Level 4.9 Armour
 + Level 5.7 Dodging
 + Level 4.1 Stealth


You had 7 spell levels left.
You didn't know any spells.
Your spell library contained the following spells:

 Spells                   Type           Power      Damage    Failure   Level
 Kindle Blastsparks       Fire/Tloc/Air  0%         2d10      100%        3
 Fulminant Prism          Conj/Hex       0%         3d5       100%        4
 Iskenderun's Mystic Bla  Conj/Tloc      0%         2d3       100%        4
 Lee's Rapid Deconstruct  Erth           0%         3d4*      100%        5


Dungeon Overview and Level Annotations

Branches:
Dungeon (7/15)              Sewer (visited)
 Temple: D:4-7

Altars:
Fedhas
Vehumet

Annotations:
D:7 1 transporter


Innate Abilities, Weirdness & Mutations

You have a pair of horns on your head.
You reflexively headbutt those who attack you in melee.
You possess an exceptional clarity of mind.
Your spells are much harder to cast, but much more powerful.


Message History

The bolt of electricity hits you. The bolt of electricity hits you!
The bolt of electricity hits the electric eel.
The electric eel completely resists.
The electric eel shoots out a bolt of lightning at you!
The bolt of electricity hits you.
You hit the electric eel.
The electric eel is lightly wounded.
You slash the electric eel!
The electric eel is heavily wounded.
The electric eel shoots out a bolt of lightning at you!
The bolt of electricity hits you.
The electric eel shoots out a bolt of lightning at you!
The bolt of electricity hits you. The bolt of electricity hits you!
The bolt of electricity hits the electric eel.
The electric eel completely resists.
You are too injured to fight recklessly!
You are too injured to fight recklessly!
You hit the electric eel.
The electric eel is almost dead.
The electric eel shoots out a bolt of lightning at you!
The bolt of electricity hits you. The bolt of electricity hits you!
* * * LOW HITPOINT WARNING * * *
The bolt of electricity hits the electric eel.
The electric eel completely resists.
It was a potion of cancellation.
You feel magically purged.
The electric eel shoots out a bolt of lightning at you!
The bolt of electricity hits you.
* * * LOW HITPOINT WARNING * * *
The electric eel shoots out a bolt of lightning at you!
The bolt of electricity misses you. x2
The bolt of electricity hits the electric eel.
The electric eel completely resists.
You barely miss the electric eel.
The electric eel is almost dead.
The electric eel shoots out a bolt of lightning at you!
The bolt of electricity hits you.
* * * LOW HITPOINT WARNING * * *
The electric eel shoots out a bolt of lightning at you!
The bolt of electricity hits you!
You die...

## ###....
...########.......
#..#......@#
#.##.≈≈≈≈≈S......#
#..#.J.....≈S≈≈≈.#
#..#.≈.####....≈.#
#..#.≈.# ###.≈.#
#..#.≈.# .≈.# #
#..#.≈.# ≈.# ##
##..≈.#.≈..J #.
.## ##..≈.#.≈_.#


You could see 2 electric eels and a neutral jelly (wandering) (fellow slime).

Vanquished Creatures
  Joseph (D:7)
  A black bear (D:6)
  A bullfrog (D:4)
  A kobold brigand (D:6)
  A scorpion (D:4)
  Crazy Yiuf (D:2)
  3 orc priests
  A jelly (Sewer)
  An iguana (D:4)
  7 orc wizards
  3 adders
  2 river rats (Sewer)
  5 worms
  16 orcs
  17 endoplasms
  12 giant cockroaches
  11 goblins
  4 hobgoblins
  3 jackals (D:1)
  26 kobolds
  3 quokkas
  9 ball pythons
  5 bats
  5 frilled lizards
  10 rats
149 creatures vanquished.

Vanquished Creatures (others)
  A sky beast (D:5)
  An ogre (D:5)
  A kobold brigand (D:5)
  2 scorpions (D:5)
  2 hounds (D:4)
  2 orc priests (D:5)
  8 jellies
  A gnoll (D:6)
  2 orcs
  A bat (D:3)
  An endoplasm (D:4)
  8 goblins (D:5)
  A hobgoblin (D:4)
  3 kobolds
  5 fungi (D:2)
  10 plants
49 creatures vanquished.

Grand Total: 198 creatures vanquished

Notes
Turn   | Place    | Note
-------+----------+-------------------------------------------
     0 | D:1      | Anon1729 the Minotaur Monk began the quest for the Orb.
     0 | D:1      | Reached XP level 1. HP: 19/19 MP: 0/0
    98 | D:1      | Reached XP level 2. HP: 25/27 MP: 1/1
   159 | D:1      | Reached skill level 1 in Armour
   263 | D:1      | Reached XP level 3. HP: 27/33 MP: 2/2
  1193 | D:2      | Found a runed translucent door.
  1194 | D:2      | Noticed Crazy Yiuf
  1200 | D:2      | Killed Crazy Yiuf
  1201 | D:2      | Reached XP level 4. HP: 23/40 MP: 3/3
  1310 | D:3      | Found a glowing drain.
  1337 | Sewer    | Entered a sewer
  1486 | Sewer    | Reached XP level 5. HP: 47/47 MP: 4/4
  1514 | Sewer    | Found a viscous altar of Jiyva.
  1625 | Sewer    | Became a worshipper of Jiyva Jeecwimu the Shapeless
  1625 | Sewer    | Reached * piety under Jiyva
  1625 | Sewer    | Reached ** piety under Jiyva
  2072 | D:4      | Reached XP level 6. HP: 53/55 MP: 5/5
  2080 | D:4      | Reached skill level 5 in Axes
  2107 | D:4      | Reached skill level 5 in Fighting
  2159 | D:4      | Found a blossoming altar of Fedhas.
  2321 | D:4      | Reached *** piety under Jiyva
  2479 | D:4      | Reached XP level 7. HP: 61/61 MP: 6/6
  2631 | D:5      | Entered Level 5 of the Dungeon
  2672 | D:5      | Reached skill level 5 in Dodging
  2818 | D:5      | Gained mutation: Your spells are a little harder to cast,
                  | but a little more powerful. [Jiyva's grace]
  2818 | D:5      | Gained mutation: Your spells are harder to cast, but more
                  | powerful. [Jiyva's grace]
  2818 | D:5      | Gained mutation: Your spells are much harder to cast, but
                  | much more powerful. [Jiyva's grace]
  2818 | D:5      | Gained mutation: You possess an exceptional clarity of
                  | mind. [Jiyva's grace]
  3037 | D:6      | Reached **** piety under Jiyva
  3044 | D:6      | You fall into a shaft and drop 1 floor!
  3046 | D:7      | Found a transporter.
  3050 | D:7      | Noticed Joseph
  3071 | D:7      | Killed Joseph
  3072 | D:7      | Reached XP level 8. HP: 45/71 MP: 7/7
  3102 | D:7      | Found a radiant altar of Vehumet.
  3123 | D:7      | Killed from afar by an electric eel

Illustrated notes

Levels and vault maps discovered:
D:1:      dpeg_arrival_shelter, layout_basic, minivault_14
D:2:      layout_basic, uniq_crazy_yiuf_cottage
D:3:      layout_rooms, cheibrodos_sewer_entry_drain, corexii_hall_statues_u
D:4:      layout_loops_ring, fedhas_altar_1
D:5:      layout_basic, doesnt_xom_only_xom, minmay_ogre_servants
D:6:      kennysheep_kobold_camp, layout_basic, kennysheep_slug_shrine,
          kennysheep_flooded_box, amcnicky_altar_lugonu_corruption
D:7:      layout_loops_corners, nicolae_overflow_squiral,
          minmay_temple_entry_statues, gammafunk_ghost_gnarly_gnolls,
          uniq_joseph

Skill      XL: |  1  2  3  4  5  6  7 |
---------------+----------------------+-----
Armour         | 1 2 3 4 |  4.9
Stealth        | 2 3 4 |  4.1
Fighting       | 4 5 6 |  6.3
Axes           | 4 5 6 |  6.3
Dodging        | 4 5 |  5.7

Action                     |  1- 3 |  4- 6 |  7- 9 || total
---------------------------+-------+-------+-------++-------
  Melee: Hand axe          |    87 |   132 |    77 ||   296
         Headbutt          |    15 |    17 |     9 ||    41
         Punch             |     3 |     1 |       ||     4
    Use: Potion            |       |       |     1 ||     1
   Stab: Sleeping          |     3 |       |       ||     3
 Armour: Robe              |    13 |       |       ||    13
         Chain mail        |    10 |    86 |    35 ||   131
  Dodge: Dodged            |    31 |    47 |    26 ||   104

Table legend: (Time is in decaauts)
 A = Elapsed time spent in this place.
 B = Non-inter-level travel time spent in this place.
 C = Inter-level travel time spent in this place.
 D = Time resting spent in this place.
 E = Time spent auto-exploring this place.
 F = Levels seen in this place.
 G = Mean time per level.
                   A        B        C        D        E       F      G
               +--------+--------+--------+--------+--------+-----+--------+
         Total |   3180 |   3075 |    105 |      0 |   2257 |   8 |  397.5 |
       Dungeon |   2839 |   2734 |    105 |      0 |   2122 |   7 |  405.6 |
         Sewer |    341 |    341 |      0 |      0 |    135 |   1 |  341.0 |
               +--------+--------+--------+--------+--------+-----+--------+

Top non-repeatable levels by time:
     D:1: 630 daAuts
     D:2: 604 daAuts
     D:4: 595 daAuts
     D:3: 517 daAuts
   Sewer: 341 daAuts
     D:5: 303 daAuts
     D:6: 110 daAuts
     D:7: 78 daAuts
